 Dungeon Crawl Stone Soup version 0.22.1-1-ga44c0e5 (webtiles) character file.

133 Starchild the Charmwright (level 5, -6/39 HPs)
             Began as a Barachi Skald on Oct 17, 2018.
             Killed from afar by an orc wizard (10 damage)
             ... with a magic dart
             ... on level 3 of the Dungeon.
             The game lasted 00:10:22 (2319 turns).

Starchild the Charmwright (Barachi Skald)           Turns: 2319, Time: 00:10:23

Health: -6/39      AC:  4    Str: 12    XL:     5   Next: 16%
Magic:  0/8        EV: 12    Int: 15    God:
Gold:   88         SH:  0    Dex: 11    Spells: 3/8 levels left

rFire    . . .     SeeInvis .   a - +0 hand axe
rCold    . . .     Gourm    .   (no shield)
rNeg     . . .     Faith    .   b - +0 leather armour
rPois    .         Spirit   .   (no helmet)
rElec    .         Reflect  .   r - +0 cloak
rCorr    .         Harm     .   (no gloves)
MR       .....                  (no boots)
Stlth    +.........             (no amulet)
HPRegen  0.13/turn              (no ring)
MPRegen  0.11/turn              (no ring)

@: confused, shrouded (expiring), singing, slow
A: +LOS, swims, slowness 1, strong legs 1
a: Hop


You were on level 3 of the Dungeon.
You were hungry.

You visited 1 branch of the dungeon, and saw 3 of its levels.

You collected 88 gold pieces.

Inventory:

Hand Weapons
 a - a +0 hand axe (weapon)
Missiles
 g - 8 tomahawks (quivered)
 k - 51 stones
Armour
 b - a +0 leather armour (worn)
 j - a +0 cloak
 r - a +0 cloak (worn)
Scrolls
 c - 3 scrolls of magic mapping
 e - a scroll of identify
 f - a scroll of teleportation {unknown}
 i - 2 scrolls of amnesia
 m - 2 scrolls of enchant weapon
 o - a scroll of immolation {unknown}
 p - a scroll of noise {unknown}
Potions
 h - a potion of might
 l - a potion of ambrosia
 n - a potion of curing {unknown}
 q - a potion of flight {unknown}
 s - a potion of heal wounds {unknown}
Comestibles
 d - 2 rations


   Skills:
 - Level 2.4 Fighting
 + Level 4.1 Axes
 - Level 1.2 Armour
 - Level 2.1 Dodging
 - Level 2.1 Spellcasting
 + Level 5.1 Charms


You had 3 spell levels left.
You knew the following spells:

 Your Spells              Type           Power        Failure   Level  Hunger
a - Infusion              Chrm           ###.         3%          1    #......
b - Song of Slaying       Chrm           ###.....     4%          2    ###....
c - Shroud of Golubria    Chrm/Tloc      #.........   14%         2    ###....

Your spell library contained the following spells:

 Spells                   Type           Power        Failure   Level  Hunger
 Confusing Touch          Hex            #.....       28%         1    #......
 Regeneration             Chrm/Necr      #.........   28%         3    ###....
 Spectral Weapon          Hex/Chrm       #.......     28%         3    ###....
 Confuse                  Hex            #.......     63%         3    ###....
 Gell's Gravitas          Tloc           #.........   63%         3    ###....
 Petrify                  Tmut/Erth      #.......     95%         4    #####..
 Metabolic Englaciation   Hex/Ice        #.........   100%        5    ######.
 Yara's Violent Unravell  Hex/Tmut       #.........   100%        5    ######.


Dungeon Overview and Level Annotations

Branches:
Dungeon (3/15)

Altars:


Innate Abilities, Weirdness & Mutations

Shadows flee at your approach. (+LOS)
You can swim through water.
You cover ground slowly.
You can hop short distances.


Message History

You hit the orc.
You kill the orc!
You completely miss something.
You hit the orc wizard but do no damage.
Your shroud begins to fray at the edges.
You are no longer magically infusing your attacks.
You hear some strange, mumbled words.
A puff of flame appears from out of thin air!
The puff of flame hits you!
* * * LOW HITPOINT WARNING * * *
The orc wizard hits you but does no damage.
The orc closely misses you.
You're too confused!
Okay, then.
The orc wizard hits you but does no damage.
You're too confused to move!
You hear some strange, mumbled words.
A magic dart appears from out of thin air!
The magic dart hits you!
You die...

########## #....=...#
#........# #........#
#####........####.####
.............<........
#####...@.....###.#...
.......o......#
#####..†o.....#
.......#####...#
####.... ...## ......
...# ###.... ...#
#.... ...# #####


You could see an orc wizard and an orc.

Vanquished Creatures
  Crazy Yiuf (D:2)
  5 adders (D:2)
  A worm (D:2)
  2 dart slugs
  4 leopard geckos
  2 orcs (D:3)
  A bat (D:1)
  2 giant cockroaches (D:1)
  3 hobgoblins
  12 kobolds
  2 quokkas (D:2)
  6 frilled lizards
  A giant cockroach zombie (D:3)
  3 goblins
  8 rats
53 creatures vanquished.

Notes
Turn   | Place    | Note
-------+----------+-------------------------------------------
     0 | D:1      | Starchild the Barachi Skald began the quest for the Orb.
     0 | D:1      | Reached XP level 1. HP: 17/17 MP: 3/3
     2 | D:1      | Noticed an octopode
     2 | D:1      | Noticed a human
     4 | D:1      | Noticed a centaur
     4 | D:1      | Noticed a minotaur
     6 | D:1      | Noticed a demonspawn
     8 | D:1      | Noticed a vampire
    10 | D:1      | Noticed a ghoul
    10 | D:1      | Noticed an elf
    12 | D:1      | Noticed a felid
    12 | D:1      | Noticed a merfolk
    14 | D:1      | Noticed a spriggan
    14 | D:1      | Noticed a tengu
    16 | D:1      | Noticed an ogre
    16 | D:1      | Noticed a formicid
    18 | D:1      | Noticed a troll
    18 | D:1      | Noticed a dwarf
    20 | D:1      | Noticed a halfling
    22 | D:1      | Noticed a draconian
    22 | D:1      | Noticed a demigod
    24 | D:1      | Noticed a gargoyle
    24 | D:1      | Noticed a naga
    26 | D:1      | Noticed a vine stalker
   222 | D:1      | Reached XP level 2. HP: 18/23 MP: 5/5
   226 | D:1      | Learned a level 2 spell: Song of Slaying
   315 | D:1      | Reached skill level 4 in Charms
   597 | D:1      | Reached XP level 3. HP: 22/28 MP: 1/6
  1009 | D:2      | Learned a level 2 spell: Shroud of Golubria
  1348 | D:2      | Found a runed door.
  1353 | D:2      | Noticed Crazy Yiuf
  1358 | D:2      | Killed Crazy Yiuf
  1358 | D:2      | Reached XP level 4. HP: 9/34 MP: 1/7
  1833 | D:2      | Reached skill level 5 in Charms
  1868 | D:2      | Found a faded altar of an unknown god.
  1870 | D:2      | Reached XP level 5. HP: 37/39 MP: 0/8
  2319 | D:3      | Killed from afar by an orc wizard

Skill      XL: |  1  2  3  4  5 |
---------------+----------------+-----
Charms         | 4 5 |  5.1
Axes           | 3 4 |  4.1
Fighting       | |  2.4
Armour         | |  1.2
Dodging        | |  2.1
Spellcasting   | |  2.1

Action                   |  1- 3 |  4- 6 || total
-------------------------+-------+-------++-------
Melee: Hand axe          |   102 |    53 ||   155
Throw: Tomahawk          |    13 |     3 ||    16
 Cast: Infusion          |    16 |     9 ||    25
       Song of Slaying   |     1 |     2 ||     3
       Shroud of Golubri |     1 |     1 ||     2
  Use: Scroll            |     5 |       ||     5
  Eat: Chunk             |     2 |       ||     2
       Ration            |       |     1 ||     1
Armor: Leather armour    |    28 |    14 ||    42
Dodge: Dodged            |    60 |    27 ||    87
